 Dungeon Crawl Stone Soup version 0.19-a0-994-g3c636f0 (console) character file.

8747 brucemayne the Cleaver (level 11, -28/77 HPs)
             Began as a Vampire Berserker on July 17, 2016.
             Was an Elder of Trog.
             Annihilated by a hill giant
             ... wielding a +0 giant spiked club
              (29 damage)
             ... on level 11 of the Dungeon.
             The game lasted 00:24:32 (4708 turns).

brucemayne the Cleaver (Vampire Berserker)          Turns: 4708, Time: 00:24:32

Health: -28/77     AC: 13    Str: 19    XL:     11   Next: 14%
Magic:  11/11      EV:  7    Int:  9    God:    Trog [****..]
Gold:   696        SH:  0    Dex: 21    Spells: 0 memorised, 10 levels left

rFire  . . .     SeeInvis +     b - +3 battleaxe
rCold  + + .     Gourm    .     G - +1 plate armour {rC+}
rNeg   + + .     Faith    .     (shield currently unavailable)
rPois  +         Spirit   .     (no helmet)
rElec  .         Dismiss  .     (no cloak)
rCorr  +         Reflect  .     (no gloves)
SustAt .         Harm     .     C - +0 pair of boots
MR     +....                    (no amulet)
Stlth  ..........               q - ring of resist corrosion
                                E - +6 ring of dexterity

@: regenerating slowly, somewhat resistant to hostile enchantments, extremely
unstealthy
A: fangs 3, see invisible, unbreathing
a: Bat Form, Berserk, Trog's Hand, Brothers in Arms, Burn Spellbooks, Renounce
Religion


You were on level 11 of the Dungeon.
You worshipped Trog.
Trog was greatly pleased with you.
You were thirsty.

You visited 2 branches of the dungeon, and saw 12 of its levels.
You also visited: Sewer, Ossuary and Bailey.

You collected 784 gold pieces.
You spent 88 gold pieces at shops.

Inventory:

Hand Weapons
 a - a +0 hand axe
 b - a +3 battleaxe (weapon)
 f - a +1 trident of venom
 t - a +0 whip of electrocution
 v - a +0 battleaxe
 w - a +1 war axe
 F - a +3 scimitar of electrocution
 I - a +2 scimitar of protection
Missiles
 c - 38 tomahawks of returning (quivered)
 p - 16 poisoned needles
 B - 3 tomahawks of dispersal
Armour
 C - a +0 pair of boots (worn)
 G - a +1 plate armour of cold resistance (worn)
Jewellery
 g - an uncursed ring of ice
 m - an uncursed ring of fire
 q - a ring of resist corrosion (right hand)
 x - an uncursed ring of wizardry
 y - a +2 ring of intelligence
 E - a +6 ring of dexterity (left hand)
Wands
 H - a wand of disintegration (11/24)
Scrolls
 h - a scroll of summoning {unknown}
 i - 2 scrolls of remove curse
 j - 11 scrolls of identify
 n - 2 scrolls of amnesia
 D - a scroll of enchant weapon
Potions
 d - 2 potions of lignification
 e - 2 potions of brilliance
 l - a potion of haste
 o - 2 potions of blood
 r - 2 potions of flight {unknown}
 s - 3 potions of magic {unknown}
 u - 2 potions of curing
 z - a potion of cancellation {unknown}
 A - 2 potions of berserk rage {unknown}
Books
 k - a book of Maledictions

   Spells                             Type                      Level
   a - Corona                         Hexes                        1
   b - Ensorcelled Hibernation        Hexes/Ice                    2
   c - Confuse                        Hexes                        3
   d - Tukima's Dance                 Hexes                        3
   e - Dazzling Spray                 Conjuration/Hexes            3
   Trog disapproves of the use of such an item.


   Skills:
 - Level 4.2 Fighting
 + Level 14.6 Axes
 - Level 3.7 Armour
 - Level 2.5 Dodging


You had 10 spell levels left.
You didn't know any spells.

Dungeon Overview and Level Annotations

Branches:
Dungeon (11/15)              Lair (0/6) D:10            Orc (1/2) D:9
 Temple: D:4-7

Altars:
Dithmenos
Fedhas
Hepliaklqana
Qazlal
Trog
The Shining One

Shops:
D:4 (!   D:7 (

Annotations:
D:8 exclusion: downstairs
D:9 exclusion: downstairs


Innate Abilities, Weirdness & Mutations

You heal slowly.
You have razor-sharp teeth.
You have supernaturally acute eyesight. (SInv)
You can survive without breathing.


Message History

Okay, then.
You tear a large gash into the net.
You struggle against the net.
You struggle against the net.
The hill giant hits you but does no damage.
You shred the net and break free!
The hill giant hits you with a giant spiked club!!
* * * LOW HITPOINT WARNING * * *
The hill giant throws a throwing net.
The throwing net hits you.
You become entangled in the net!
Things that are here:
a throwing net; a large rock You struggle against the net.
You struggle against the net.
The hill giant hits you with a giant spiked club!!
* * * LOW HITPOINT WARNING * * *
You struggle against the net.
You shred the net and break free!
The hill giant hits you with a giant spiked club!!
You die...

#..........##
##########...........# #
#....................# .
#)########.#.<<....#.# # #.#
##.##......##.# #.#
#.........###.# #.#
##.##.##.## #.# #.# #..#.#.##
#.# #.#######.#.C@#
#.########
#C##..........######.........
#.##.####.##..........#######
#.# #.#.....#####.# #.##.#
#.#.....##...(##### #.##.#
#.......(.%.......# #.##.#
#.......##(######.# #.##.#
#....<.....# #.# #.##.#
##.##.###### #.# #


You could see a hill giant.

Vanquished Creatures
  Erolcha (D:11)
  The ghost of 4thArraOfDagon the Grappler, a novice TrAK of Lugonu (Bailey)
  A hill giant (D:11)
  2 orc knights (Bailey)
  An ugly thing (D:11)
  A cyclops (D:11)
  A wyvern (D:8)
  5 yaks (D:9)
  A hungry ghost (D:11)
  3 water moccasins
  3 black bears
  2 sky beasts
  A necrophage (D:11)
  6 orc warriors
  A wasp (D:6)
  2 phantoms
  An ogre (D:11)
  A centaur (D:8)
  A crocodile (D:7)
  7 giant frogs
  A water moccasin zombie (D:10)
  A scorpion (D:9)
  13 killer bees (D:9)
  A wight (D:11)
  2 crimson imps
  A wasp zombie (D:9)
  2 giant frog zombies
  A centaur zombie (D:10)
  2 human zombies (Ossuary)
  4 orc priests
  2 centaur skeletons
  3 hounds
  3 orc wizards
  An iguana (D:8)
  2 worker ants
  5 mummies
  A worker ant zombie (D:9)
  7 adders
  A gnoll (Bailey)
  A river rat (D:6)
  7 oozes (Sewer)
  An adder zombie (Ossuary)
  2 adder skeletons
  A worm (D:6)
  19 giant geckos
  23 orcs
  15 ball pythons (Sewer)
  9 giant cockroaches
  7 goblins
  5 hobgoblins
  2 jackals (D:8)
  A quokka (D:9)
  3 bats
  17 giant newts
  2 gnoll zombies (Ossuary)
  A goblin zombie (Ossuary)
  A jackal zombie (Ossuary)
  14 kobolds
  2 kobold zombies (Ossuary)
  An orc zombie (Ossuary)
  3 rats
  2 rat zombies (Ossuary)
234 creatures vanquished.

Notes
Turn   | Place    | Note
-------+----------+-------------------------------------------
     0 | D:1      | brucemayne the Vampire Berserker began the quest for the Orb.
     0 | D:1      | Reached XP level 1. HP: 17/17 MP: 1/1
   151 | D:2      | Reached XP level 2. HP: 19/23 MP: 2/2
   224 | D:2      | Reached skill level 3 in Axes
   689 | D:4      | Reached XP level 3. HP: 18/28 MP: 3/3
   779 | D:4      | Found Leorgh's Weapon Boutique.
   782 | D:4      | Bought a +0 war axe for 38 gold pieces
   798 | D:4      | Reached ** piety under Trog
   798 | D:4      | Reached skill level 4 in Axes
   852 | D:5      | Entered Level 5 of the Dungeon
   869 | D:5      | Reached XP level 4. HP: 14/34 MP: 4/4
   892 | D:4      | Found Narchu's Distillery.
   896 | D:4      | Bought a potion of heal wounds for 50 gold pieces
   989 | D:6      | Noticed a wasp
   998 | D:6      | Killed a wasp
   998 | D:6      | Reached skill level 5 in Axes
   998 | D:6      | Reached XP level 5. HP: 14/40 MP: 5/5
  1088 | D:5      | Noticed a sky beast
  1102 | D:5      | Killed a sky beast
  1104 | D:5      | Reached skill level 6 in Axes
  1104 | D:5      | Reached XP level 6. HP: 21/46 MP: 6/6
  1261 | D:5      | Found a bloodstained altar of Trog.
  1424 | D:6      | Noticed an orc warrior
  1431 | D:6      | Killed an orc warrior
  1431 | D:6      | Reached skill level 7 in Axes
  1452 | D:6      | Reached XP level 7. HP: 28/51 MP: 7/7
  1561 | D:6      | Found a glowing drain.
  1585 | Sewer    | Entered a sewer
  1670 | Sewer    | Reached *** piety under Trog
  1814 | Sewer    | Reached **** piety under Trog
  1848 | Sewer    | Reached skill level 8 in Axes
  1970 | D:7      | Found Zauxtum's Antique Weapon Boutique.
  2133 | D:8      | Reached XP level 8. HP: 31/57 MP: 8/8
  2184 | D:8      | Reached skill level 9 in Axes
  2276 | D:8      | Found a blossoming altar of Fedhas.
  2276 | D:8      | Found a shadowy altar of Dithmenos.
  2350 | D:8      | Found a sand-covered staircase.
  2368 | Ossuary  | Entered an ossuary
  2686 | D:9      | Reached XP level 9. HP: 26/65 MP: 9/9
  2719 | D:9      | Reached skill level 10 in Axes
  2917 | D:10     | Entered Level 10 of the Dungeon
  2917 | D:10     | Noticed a hill giant
  3020 | D:9      | Reached skill level 11 in Axes
  3175 | D:9      | HP: 4/97 [poisoned by a killer bee]
  3183 | D:9      | HP: 3/65 [poisoned by a killer bee]
  3188 | D:9      | HP: 2/65 [poisoned by a killer bee]
  3221 | D:9      | Found a stormy altar of Qazlal.
  3386 | D:9      | Found a staircase to the Orcish Mines.
  3454 | Orc:1    | Entered Level 1 of the Orcish Mines
  3454 | Orc:1    | Noticed a troll
  3454 | Orc:1    | Noticed an orc warlord
  3454 | Orc:1    | Noticed a troll
  3503 | D:9      | Reached skill level 12 in Axes
  3539 | D:9      | Found a hazy altar of Hepliaklqana.
  3540 | D:9      | Found a glowing golden altar of the Shining One.
  3602 | D:9      | Reached XP level 10. HP: 49/72 MP: 10/10
  3720 | D:10     | Found a staircase to the Lair.
  3809 | D:11     | Noticed a cyclops
  3840 | D:11     | Killed a cyclops
  3926 | D:11     | Noticed Erolcha
  3938 | D:11     | Killed Erolcha
  3938 | D:11     | Reached skill level 13 in Axes
  3944 | D:11     | Noticed a hill giant
  4012 | D:11     | Found a flagged portal.
  4041 | Bailey   | Entered a bailey
  4046 | Bailey   | Noticed 4thArraOfDagon's ghost (novice TrAK)
  4048 | Bailey   | Noticed an orc knight
  4070 | Bailey   | Killed 4thArraOfDagon's ghost
  4210 | Bailey   | Noticed an orc knight
  4229 | Bailey   | Killed an orc knight
  4401 | Bailey   | Killed an orc knight
  4401 | Bailey   | Reached skill level 14 in Axes
  4476 | D:11     | Noticed a cyan ugly thing
  4486 | D:11     | Killed a cyan ugly thing
  4486 | D:11     | Reached XP level 11. HP: 25/77 MP: 11/11
  4636 | D:11     | Noticed a hill giant
  4648 | D:11     | Killed a hill giant
  4706 | D:11     | HP: 1/77 [hill giant/giant spiked club (18)]
  4708 | D:11     | Annihilated by a hill giant

Vault maps used:
D:1:      evilmike_arrival_fibonacci_small
D:2:      first_bread
D:3:      minitemple, minmay_misc_feat_tower, uniq_crazy_yiuf_cottage,
          uniq_sigmund, uniq_terence
D:4:      serial_shops, shop, shop, kennysheep_mini, nicolae_shop_trees, shop,
          serial_forest, infiniplex_forest_join, infiniplex_forest_corner_1,
          infiniplex_forest_lined_3, infiniplex_forest_straight_3,
          infiniplex_forest_clump_medium, infiniplex_forest_3_way,
          infiniplex_forest_straight_2, infiniplex_forest_straight_2,
          infiniplex_forest_lined_ring, minivault_11, uniq_purgy, uniq_edmund
D:5:      bloody_trog, uniq_pikel
D:6:      kennysheep_little_box, portal_sewer_entry_b
D:7:      serial_shops, nicolae_shop_waterfront, minmay_lizard_king
D:8:      amethyst_overflow_temple_binary, gup_ossuary_entry_pyramid
D:9:      gammafunk_temple_overflow_pools, nicolae_qazlal_eye_of_the_storm,
          david_orc_2
D:10:     dpeg_oklobed_lair
D:11:     enter_bailey_2, hangedman_ranch, uniq_erolcha
Sewer:    sewer_frog_island_02
Ossuary:  ossuary_minmay_tomb_2a
Bailey:   bailey_axe_4, bailey

Skill      XL: |  1  2  3  4  5  6  7  8  9 10 |
---------------+-------------------------------+-----
Axes           | 3 4 5 6 7 8 9 12 14 | 14.6
Fighting       | 4 |  4.2
Armour         | 3 |  3.7
Dodging        | |  2.5

Action                   |  1- 3 |  4- 6 |  7- 9 | 10-12 || total
-------------------------+-------+-------+-------+-------++-------
Melee: Hand axe          |    51 |       |       |       ||    51
       Bite              |     7 |     6 |    54 |    25 ||    92
       War axe           |    20 |    73 |   466 |   109 ||   668
       Battleaxe         |       |       |       |    48 ||    48
       Unarmed           |       |       |       |    15 ||    15
Invok: Berserk           |     2 |     3 |     8 |     7 ||    20
       Trog's Hand       |       |     2 |    13 |    12 ||    27
 Abil: End Transformatio |       |       |       |     4 ||     4
       Bat Form          |       |       |       |     4 ||     4
  Use: Potion            |     4 |     6 |    26 |    14 ||    50
       Scroll            |       |     5 |     3 |       ||     8
 Stab: Sleeping          |     1 |       |       |       ||     1
Armor: Animal skin       |    13 |       |       |       ||    13
       Plate armour      |    16 |    47 |   388 |    83 ||   534
       Skin              |       |     1 |    18 |       ||    19
Dodge: Dodged            |    34 |    36 |   191 |    65 ||   326
